| TOP OF THE 1ST |
|
Akron RubberDucks batting - Pitching for Corpus Christi Hooks : RHP Antonio Escobosa
|
|
Pitching: RHP Antonio Escobosa
|
|
|
Batting: LHB Nick Welling
|
0-0: Bunt missed! 0-1: Foul Ball, location: 2F 0-2: Ball 1-2: Ball 2-2: Ball 3-2: Foul Ball, location: 2F 3-2: Ground out 4-3 (Groundball, 34D, EV 105.6 MPH)
|
|
Batting: SHB Arturo Baez
|
0-0: Ball 1-0: Foul Ball, location: 2F 1-1: Ball 2-1: Ball 3-1: Ground out 6-3 (Groundball, 6, EV 82.5 MPH)
|
|
Batting: RHB Harris Leroux
|
0-0: Ball 1-0: Ball 2-0: Swinging Strike 2-1: Called Strike 2-2: Foul Ball, location: 2F 2-2: Strikes out swinging
|
| Top of the 1st over - 0 runs, 0 hits, 0 errors, 0 left on base; Akron 0 - Corpus Christi 0 |
| BOTTOM OF THE 1ST |
|
Corpus Christi Hooks batting - Pitching for Akron RubberDucks : RHP Andy Coats
|
|
Pitching: RHP Andy Coats
|
|
|
Batting: RHB Chris McGrath
|
0-0: Ground out 5-3 (Groundball, 56S, EV 91.9 MPH)
|
|
Batting: LHB Dylan LaRose
|
0-0: Ball 1-0: Called Strike 1-1: Ground out 4-3 (Groundball, 4, EV 82.5 MPH)
|
|
Batting: RHB Pete Isley
|
0-0: Foul Ball, location: 2F 0-1: Fly out, F8 (Flyball, 8RM, EV 75.6 MPH)
|
| Bottom of the 1st over - 0 runs, 0 hits, 0 errors, 0 left on base; Akron 0 - Corpus Christi 0 |
| TOP OF THE 2ND |
|
Akron RubberDucks batting - Pitching for Corpus Christi Hooks : RHP Antonio Escobosa
|
|
Batting: RHB Christian Blue
|
0-0: Ball 1-0: SINGLE (Groundball, 34D, EV 94.4 MPH)
|
|
Batting: RHB Hieronim Rutkowski
|
0-0: Ball 1-0: Fly out, F8 (Flyball, 8RXD, EV 91.2 MPH)
|
|
Batting: RHB Matt Thompson
|
0-0: Called Strike 0-1: Foul Ball, location: 2F 0-2: Ball 1-2: Ground out 6-3 (Groundball, 6, EV 85.6 MPH) Christian Blue to second
|
|
Batting: LHB Corey Trevor
|
0-0: Foul Ball, location: 2F 0-1: Foul Ball, location: 2F 0-2: Foul Ball, location: 2F 0-2: Strikes out swinging
|
| Top of the 2nd over - 0 runs, 1 hit, 0 errors, 1 left on base; Akron 0 - Corpus Christi 0 |
| BOTTOM OF THE 2ND |
|
Corpus Christi Hooks batting - Pitching for Akron RubberDucks : RHP Andy Coats
|
|
Batting: LHB Alexis Montoya
|
0-0: Ball 1-0: Ball 2-0: Ground out 4-3 (Groundball, 4, EV 93.1 MPH)
|
|
Batting: RHB Jim Huff
|
0-0: SINGLE (Line Drive, 6MD, EV 98.8 MPH)
|
|
Batting: RHB Jamie Jennings
|
0-0: Ball 1-0: Swinging Strike 1-1: Foul Ball, location: 2F 1-2: Ball 2-2: Grounds into double play, 4-6-3 (Groundball, 4, EV 85.6 MPH)
|
| Bottom of the 2nd over - 0 runs, 1 hit, 0 errors, 0 left on base; Akron 0 - Corpus Christi 0 |
| TOP OF THE 3RD |
|
Akron RubberDucks batting - Pitching for Corpus Christi Hooks : RHP Antonio Escobosa
|
|
Batting: LHB John Dietrich
|
0-0: Ball 1-0: Called Strike 1-1: Ball 2-1: Swinging Strike 2-2: Strikes out looking
|
|
Batting: RHB Reynaldo Herrera
|
0-0: Called Strike 0-1: Ball 1-1: Ball 2-1: Foul Ball, location: 2F 2-2: Foul Ball, location: 2F 2-2: Ground out 6-3 (Groundball, 56, EV 105.0 MPH)
|
|
Batting: LHB Nick Welling
|
0-0: Ball 1-0: Ball 2-0: Fly out, F6 (Flyball, 56D, EV 81.2 MPH)
|
| Top of the 3rd over - 0 runs, 0 hits, 0 errors, 0 left on base; Akron 0 - Corpus Christi 0 |
| BOTTOM OF THE 3RD |
|
Corpus Christi Hooks batting - Pitching for Akron RubberDucks : RHP Andy Coats
|
|
Batting: RHB Jordan Williams
|
0-0: Ball 1-0: Called Strike 1-1: Ground out 4-3 (Groundball, 4M, EV 104.4 MPH)
|
|
Batting: SHB Salvador Gomez
|
0-0: Ground out 5-3 (Groundball, 5, EV 84.4 MPH)
|
|
Batting: RHB Zach Shaughnessy
|
0-0: Ground out 1-3 (Groundball, 13, EV 65.6 MPH)
|
| Bottom of the 3rd over - 0 runs, 0 hits, 0 errors, 0 left on base; Akron 0 - Corpus Christi 0 |
| TOP OF THE 4TH |
|
Akron RubberDucks batting - Pitching for Corpus Christi Hooks : RHP Antonio Escobosa
|
|
Batting: SHB Arturo Baez
|
0-0: Ball 1-0: Called Strike 1-1: Swinging Strike 1-2: Ball 2-2: Ball 3-2: Strikes out swinging
|
|
Batting: RHB Harris Leroux
|
0-0: Called Strike 0-1: SOLO HOME RUN (Flyball, 78XD, EV 100.0 MPH), Distance : 410 ft
|
|
Batting: RHB Christian Blue
|
0-0: Swinging Strike 0-1: Foul Ball, location: 2F 0-2: Ball 1-2: Strikes out looking
|
|
Batting: RHB Hieronim Rutkowski
|
0-0: Ball 1-0: Ball 2-0: Called Strike 2-1: Ground out 5-3 (Groundball, 56S, EV 89.4 MPH)
|
| Top of the 4th over - 1 run, 1 hit, 0 errors, 0 left on base; Akron 1 - Corpus Christi 0 |
| BOTTOM OF THE 4TH |
|
Corpus Christi Hooks batting - Pitching for Akron RubberDucks : RHP Andy Coats
|
|
Batting: RHB Chris McGrath
|
0-0: Called Strike 0-1: Called Strike 0-2: Ball 1-2: Ball 2-2: Foul Ball, location: 2F 2-2: Foul Ball, location: 2F 2-2: Strikes out swinging
|
|
Batting: LHB Dylan LaRose
|
0-0: Called Strike 0-1: Ball 1-1: Called Strike 1-2: Foul Ball, location: 2F 1-2: Strikes out swinging
|
|
Batting: RHB Pete Isley
|
0-0: Swinging Strike 0-1: Foul Ball, location: 2F 0-2: Ball 1-2: Strikes out swinging
|
| Bottom of the 4th over - 0 runs, 0 hits, 0 errors, 0 left on base; Akron 1 - Corpus Christi 0 |
| TOP OF THE 5TH |
|
Akron RubberDucks batting - Pitching for Corpus Christi Hooks : RHP Antonio Escobosa
|
|
Batting: RHB Matt Thompson
|
0-0: Ball 1-0: Ground out 4-3 (Groundball, 4M, EV 103.1 MPH)
|
|
Batting: LHB Corey Trevor
|
0-0: Fly out, F7 (Flyball, 78M, EV 73.1 MPH)
|
|
Batting: LHB John Dietrich
|
0-0: Fly out, F8 (Flyball, 8RD, EV 101.2 MPH)
|
| Top of the 5th over - 0 runs, 0 hits, 0 errors, 0 left on base; Akron 1 - Corpus Christi 0 |
| BOTTOM OF THE 5TH |
|
Corpus Christi Hooks batting - Pitching for Akron RubberDucks : RHP Andy Coats
|
|
Batting: LHB Alexis Montoya
|
0-0: Foul Ball, location: 2F 0-1: Swinging Strike 0-2: Strikes out swinging
|
|
Batting: RHB Jim Huff
|
0-0: Called Strike 0-1: Swinging Strike 0-2: Foul Ball, location: 2F 0-2: Foul Ball, location: 2F 0-2: Strikes out swinging
|
|
Batting: RHB Jamie Jennings
|
0-0: Ball 1-0: Ground out 6-3 (Groundball, 6, EV 96.9 MPH)
|
| Bottom of the 5th over - 0 runs, 0 hits, 0 errors, 0 left on base; Akron 1 - Corpus Christi 0 |
| TOP OF THE 6TH |
|
Akron RubberDucks batting - Pitching for Corpus Christi Hooks : RHP Antonio Escobosa
|
|
Batting: RHB Reynaldo Herrera
|
0-0: Called Strike 0-1: Ball 1-1: Called Strike 1-2: Strikes out swinging
|
|
Batting: LHB Nick Welling
|
0-0: Fly out, F6 (Line Drive, 6, EV 72.5 MPH)
|
|
Batting: SHB Arturo Baez
|
0-0: Swinging Strike 0-1: Called Strike 0-2: Foul Ball, location: 2F 0-2: Strikes out looking
|
| Top of the 6th over - 0 runs, 0 hits, 0 errors, 0 left on base; Akron 1 - Corpus Christi 0 |
| BOTTOM OF THE 6TH |
|
Corpus Christi Hooks batting - Pitching for Akron RubberDucks : RHP Andy Coats
|
|
Batting: RHB Jordan Williams
|
0-0: Ball 1-0: Swinging Strike 1-1: Called Strike 1-2: Fly out, F7 (Flyball, 78D, EV 84.4 MPH)
|
|
Batting: SHB Salvador Gomez
|
0-0: Ground out U3 (Groundball, 34, EV 102.5 MPH)
|
|
Batting: RHB Zach Shaughnessy
|
0-0: Ball 1-0: Fly out, F4 (Line Drive, 4, EV 75.6 MPH)
|
| Bottom of the 6th over - 0 runs, 0 hits, 0 errors, 0 left on base; Akron 1 - Corpus Christi 0 |
| TOP OF THE 7TH |
|
Akron RubberDucks batting - Pitching for Corpus Christi Hooks : RHP Antonio Escobosa
|
|
Batting: RHB Harris Leroux
|
0-0: Ball 1-0: Foul Ball, location: 2F 1-1: Ball 2-1: Ground out 6-3 (Groundball, 6, EV 88.8 MPH)
|
|
Batting: RHB Christian Blue
|
0-0: Called Strike 0-1: Ground out 4-3 (Groundball, 4, EV 99.4 MPH)
|
|
Batting: RHB Hieronim Rutkowski
|
0-0: Called Strike 0-1: Foul Ball, location: 2F 0-2: Foul Ball, location: 2F 0-2: Fly out, F6 (Popup, P, EV 85.6 MPH)
|
| Top of the 7th over - 0 runs, 0 hits, 0 errors, 0 left on base; Akron 1 - Corpus Christi 0 |
| BOTTOM OF THE 7TH |
|
Corpus Christi Hooks batting - Pitching for Akron RubberDucks : RHP Andy Coats
|
|
Batting: RHB Chris McGrath
|
0-0: Called Strike 0-1: Called Strike 0-2: Ball 1-2: Ball 2-2: Strikes out swinging
|
|
Batting: LHB Dylan LaRose
|
0-0: SINGLE (Line Drive, 89M, EV 97.5 MPH)
|
|
Batting: RHB Pete Isley
|
0-0: Ground out 5-3 (Groundball, 56S, EV 70.6 MPH) Dylan LaRose to second
|
|
Batting: LHB Alexis Montoya
|
0-0: Ball Passed Ball! Dylan LaRose to third 1-0: Ball 2-0: Swinging Strike 2-1: Swinging Strike 2-2: Ball 3-2: Ground out U3 (Groundball, 3, EV 98.8 MPH)
|
| Bottom of the 7th over - 0 runs, 1 hit, 0 errors, 1 left on base; Akron 1 - Corpus Christi 0 |
| TOP OF THE 8TH |
|
Akron RubberDucks batting - Pitching for Corpus Christi Hooks : RHP Antonio Escobosa
|
|
Batting: RHB Matt Thompson
|
0-0: Ball 1-0: Fly out, F2 (Popup, 2LF, EV 91.2 MPH)
|
|
Batting: LHB Corey Trevor
|
0-0: Called Strike 0-1: Foul Ball, location: 2F 0-2: Strikes out swinging
|
|
Batting: LHB John Dietrich
|
0-0: Ball 1-0: Swinging Strike 1-1: Swinging Strike 1-2: Ball 2-2: Strikes out swinging, 2-3 out at first.
|
| Top of the 8th over - 0 runs, 0 hits, 0 errors, 0 left on base; Akron 1 - Corpus Christi 0 |
| BOTTOM OF THE 8TH |
|
Corpus Christi Hooks batting - Pitching for Akron RubberDucks : RHP Andy Coats
|
|
Batting: RHB Jim Huff
|
0-0: Ball 1-0: Ball 2-0: Called Strike 2-1: Called Strike 2-2: SINGLE (Line Drive, 9S, EV 90.0 MPH)
|
|
Batting: RHB Jamie Jennings
|
0-0: Bunt missed! 0-1: Sac Bunt to 2L - play at first, batter OUT! 2-4 Jim Huff to second
|
|
Batting: RHB Jordan Williams
|
0-0: Foul Ball, location: 2F 0-1: Ball 1-1: Called Strike 1-2: 2-RUN HOME RUN (Flyball, 7D, EV 100.0 MPH), Distance : 367 ft
|
|
Batting: SHB Salvador Gomez
|
0-0: Swinging Strike 0-1: Ball 1-1: Foul Ball, location: 2F 1-2: Ball 2-2: SINGLE (Groundball, 34D, EV 100.0 MPH)
|
|
Pitching: RHP Jorge Reyes
|
|
|
Batting: RHB Zach Shaughnessy
|
0-0: Called Strike 0-1: Called Strike 0-2: Ball 1-2: Foul Ball, location: 2F 1-2: Reached on error, E1 (Groundball, 15S, EV 66.9 MPH) Salvador Gomez to second
|
|
Batting: RHB Chris McGrath
|
0-0: Foul Ball, location: 2F 0-1: Fielders Choice at 2nd, 6-4 (Groundball, 6M, EV 86.2 MPH) Salvador Gomez to third
|
|
Batting: LHB Dylan LaRose
|
0-0: Ball Chris McGrath steals 2nd base (no throw) 1-0: Ball 2-0: Swinging Strike 2-1: Foul Ball, location: 2F 2-2: Foul Ball, location: 2F 2-2: Fly out, F9 (Line Drive, 9, EV 91.2 MPH)
|
| Bottom of the 8th over - 2 runs, 3 hits, 1 error, 2 left on base; Akron 1 - Corpus Christi 2 |
| TOP OF THE 9TH |
|
Akron RubberDucks batting - Pitching for Corpus Christi Hooks : RHP Antonio Escobosa
|
|
Pitching: LHP Aaron Gilmore
|
|
|
Batting: RHB Reynaldo Herrera
|
0-0: Ground out 6-3 (Groundball, 6, EV 90.6 MPH)
|
|
Pinch Hitting: RHB Mike Plugge
|
0-0: Ball 1-0: Ground out 4-3 (Groundball, 4, EV 103.8 MPH)
|
|
Batting: SHB Arturo Baez
|
0-0: Called Strike 0-1: Swinging Strike 0-2: Foul Ball, location: 2F 0-2: Ball 1-2: Ball 2-2: Ball 3-2: Base on Balls
|
|
Batting: RHB Harris Leroux
|
0-0: Called Strike 0-1: 2-RUN HOME RUN (Line Drive, 78XD, EV 110.6 MPH), Distance : 400 ft
|
|
Batting: RHB Christian Blue
|
0-0: Called Strike 0-1: Swinging Strike 0-2: Ball 1-2: Foul Ball, location: 2F 1-2: Ball 2-2: Fly out, F8 (Line Drive, 8LD, EV 86.9 MPH)
|
| Top of the 9th over - 2 runs, 1 hit, 0 errors, 0 left on base; Akron 3 - Corpus Christi 2 |
| BOTTOM OF THE 9TH |
|
Corpus Christi Hooks batting - Pitching for Akron RubberDucks : RHP Jorge Reyes
|
|
Now at 2B: Tony Ramirez
|
|
|
Now in LF: Greg Harden
|
|
|
Batting: RHB Pete Isley
|
0-0: Ball 1-0: Swinging Strike 1-1: Fly out, F7 (Line Drive, 7D, EV 87.5 MPH)
|
|
Batting: LHB Alexis Montoya
|
0-0: Swinging Strike 0-1: Ball 1-1: Swinging Strike 1-2: Strikes out looking
|
|
Batting: RHB Jim Huff
|
0-0: Ball 1-0: Foul Ball, location: 2F 1-1: Ball 2-1: Foul Ball, location: 2F 2-2: Strikes out swinging
|
| Bottom of the 9th over - 0 runs, 0 hits, 0 errors, 0 left on base; Akron 3 - Corpus Christi 2 |
|